 Dungeon Crawl Stone Soup version 0.30.0-29-ga12c61a403 (webtiles) character file.

Game seed: 13956809937535720309

49 Bnni the Digger (level 4, -3/31 HPs)
             Began as a Formicid Earth Elementalist on June 23, 2023.
             Slain by an iguana (12 damage)
             ... on level 3 of the Dungeon.
             The game lasted 00:03:13 (1588 turns).

Bnni the Digger (Formicid Earth Elementalist)       Turns: 1588, Time: 00:03:14

Health: -3/31      AC:  4    Str: 12    XL:     4   Next: 2%
Magic:  3/7        EV: 12    Int: 23    God:
Gold:   133        SH:  0    Dex: 14    Spells: 6/7 levels left

rFire   . . .        l - +1 dagger (drain)
rCold   + . .        (no shield)
rNeg    . . .        a - +0 robe
rPois   .            (helmet unavailable)
rElec   .            t - +0 cloak
rCorr   .            (no gloves)
SInv    +            j - +0 pair of boots
Will    .....        p - amulet of the acrobat
Stlth   ++           c - +6 ring of intelligence
HPRegen 0.25/turn    s - ring of protection from cold
MPRegen 0.10/turn

%: acrobat
@: no status effects
A: permanent stasis, dig shafts and tunnels, antennae 3, four strong arms
a: Dig, Shaft Self


You were on level 3 of the Dungeon.
You visited 1 branch of the dungeon, and saw 3 of its levels.

You collected 133 gold pieces.

Inventory:

Hand Weapons
 l - a +1 dagger of draining (weapon)
Missiles
 d - 4 poisoned darts
Armour
 a - a +0 robe (worn)
 g - a +0 scale mail
 j - a +0 pair of boots (worn)
 q - a +0 ring mail
 t - a +0 cloak (worn)
Jewellery
 c - a +6 ring of intelligence (left hand)
 p - an amulet of the acrobat (around neck)
 s - a ring of protection from cold (right hand)
Scrolls
 e - a scroll of fear {unknown}
 i - 2 scrolls of identify {unknown}
 m - a scroll of enchant weapon {unknown}
 n - a scroll of enchant armour {unknown}
 r - a scroll of amnesia {unknown}
Potions
 b - 2 potions of magic
 f - a potion of heal wounds {unknown}
 h - a potion of might {unknown}
 k - a potion of curing {unknown}
 o - a potion of degeneration {unknown}
 u - 2 potions of brilliance {unknown}


   Skills:
 + Level 0.8 Fighting
 - Level 1.7 Dodging
 - Level 2.4 Stealth
 + Level 2.3 Spellcasting
 * Level 1.3 Conjurations
 * Level 2.2 Transmutations
 * Level 4.2 Earth Magic


You had 6 spell levels left.
You knew the following spells:

 Your Spells              Type           Power      Damage    Failure   Level
a - Sandblast             Erth           44%        2d11      2%          1

Your spell library contained the following spells:

 Spells                   Type           Power      Damage    Failure   Level
 Beastly Appendage        Tmut           24%        N/A       4%          1
 Passwall                 Tmut/Erth      14%        N/A       4%          2
 Wereblood                Tmut           12%        N/A       8%          2
 Stone Arrow              Conj/Erth      30%        3d8       12%         3
 Spider Form              Tmut/Pois      7%         N/A       24%         3
 Petrify                  Tmut/Erth      17%        N/A       32%         4


Dungeon Overview and Level Annotations

Branches:
Dungeon (3/15)

Altars:
Okawaru
Ru


Innate Abilities, Weirdness & Mutations

You cannot be hasted, slowed, berserked, paralysed or teleported.
You can dig through walls and to a lower floor.
You have a pair of large antennae on your head. (SInv)
Your four strong arms can wield two-handed weapons with a shield.


Message History

The blast of sand hits the quokka!
You kill the quokka!
Unknown command.
You sense a monster nearby.
u - 2 glowing white potions
i - 2 scrolls labelled UFIOSTR KEDOTS (gained 1)
You sense a monster nearby.
An iguana comes into view.
Found a stone staircase leading down.
An endoplasm comes into view.
The endoplasm quivers.
Aiming: Sandblast (safe; 2% risk of failure)
Press: ? - help, Q - select action, (/) - cycle Shift-Dir - straight line, f - iguana
Aim: an iguana (wandering, hasn't noticed you, 85% to hit)
The blast of sand hits the iguana but does no damage.
The iguana hisses angrily.
The iguana bites you!
Aiming: Sandblast (safe; 2% risk of failure)
Press: ? - help, Q - select action, (/) - cycle Shift-Dir - straight line, f/p - iguana
Aim: an iguana (85% to hit)
The blast of sand hits the iguana.
The iguana is moderately wounded.
The iguana bites you. x2
* * * LOW HITPOINT WARNING * * *
Aiming: Sandblast (safe; 2% risk of failure)
Press: ? - help, Q - select action, (/) - cycle Shift-Dir - straight line, f/p - iguana
Aim: an iguana (moderately wounded, 85% to hit)
The blast of sand hits the iguana but does no damage.
The iguana is moderately wounded.
The iguana barely misses you.
Okay, then.
You aren't carrying any items that you can evoke.
Unknown command.
Aiming: Sandblast (safe; 2% risk of failure)
Press: ? - help, Q - select action, (/) - cycle Shift-Dir - straight line, f/p - iguana
Aim: an iguana (moderately wounded, 85% to hit)
The blast of sand hits the iguana.
The iguana is heavily wounded.
The iguana bites you!
You die...

#...........
#........... .
#........... ..
#...........
...#...........
...:.?.>.......
#...l.......
.###.J@#######
######
#.............#
.....#
###...........#
.....#
#...........####
.....#
#..............##
.....#
#...........#...##
.....#
#..........###...##
.....#
#............†....#
.....##
#........#.).).#..#


You could see an iguana and an endoplasm.

Vanquished Creatures
  An adder (D:2)
  A worm (D:2)
  2 bats
  2 endoplasms (D:1)
  4 goblins
  5 hobgoblins
  2 kobolds (D:2)
  3 quokkas
  5 ball pythons (D:1)
  5 frilled lizards
  6 rats
36 creatures vanquished.

Notes
Turn   | Place    | Note
-------+----------+-------------------------------------------
     0 | D:1      | Bnni the Formicid Earth Elementalist began the quest for
                  | the Orb.
     0 | D:1      | Reached XP level 1. HP: 13/13 MP: 3/3
   298 | D:1      | Reached XP level 2. HP: 19/19 MP: 3/5
   730 | D:1      | Reached skill level 4 in Earth Magic
   965 | D:2      | Reached XP level 3. HP: 25/25 MP: 3/6
  1014 | D:2      | Reached skill level 1 in Conjurations
  1429 | D:2      | Found a sacrificial altar of Ru.
  1514 | D:3      | Reached XP level 4. HP: 31/31 MP: 4/7
  1550 | D:3      | Found an iron altar of Okawaru.
  1588 | D:3      | Slain by an iguana

Illustrated notes

Levels and vault maps discovered:
D:1:      matt_arrival_los_fun, layout_basic, palyth_stone_intersect
D:2:      layout_rooms, basic_altar, minmay_octomino_j4
D:3:      layout_basic, okawaru_ov_weapons_minmay,
          lemuel_coloured_pillars_altar, corexii_item_surrounded_by_moat

Skill      XL: |  1  2  3 |
---------------+----------+-----
Earth Magic    | 4 |  4.2
Conjurations   | 1 |  1.3
Transmutations | 2 |  2.2
Fighting       | |  0.8
Dodging        | |  1.7
Stealth        | |  2.4
Spellcasting   | |  2.3

Action                     |  1- 3 |  4- 6 || total
---------------------------+-------+-------++-------
  Melee: Mace              |     1 |       ||     1
         Dagger            |     1 |       ||     1
   Cast: Sandblast         |    40 |     5 ||    45
 Armour: Robe              |     2 |       ||     2
  Dodge: Dodged            |     7 |     1 ||     8
